 Dungeon Crawl Stone Soup version 0.28-a0-1182-g381e24d (webtiles) character file.

Game seed: 11153803779372716662

60663 Dorkslayer the Carver (level 14, -6/108 HPs)
             Began as a Demonspawn Fighter on Dec 16, 2021.
             Was an Initiate of Gozag.
             Mangled by a 12-headed hydra (8 damage)
             ... on level 14 of the Dungeon.
             The game lasted 01:13:09 (16925 turns).

Dorkslayer the Carver (Demonspawn Fighter)         Turns: 16925, Time: 01:13:10

Health: -6/108     AC: 27    Str: 26    XL:     14   Next: 57%
Magic:  14/14      EV:  7    Int:  9    God:    Gozag
Gold:   701        SH: 22    Dex: 21    Spells: 13/13 levels left

rFire   + . .      SeeInvis +   w - +4 scimitar (vamp)
rCold   + . .      Faith    .   I - +0 tower shield
rNeg    . . .      Spirit   .   c - +3 plate armour {rC+}
rPois   +          Reflect  +   (helmet unavailable)
rElec   +          Harm     .   u - +2 cloak {rCorr}
rCorr   +          Rampage  .   B - +0 pair of gloves
Will    +....                   (no boots)
Stlth   ..........              x - amulet of reflection
HPRegen 0.28/turn               j - +4 ring of protection
MPRegen 0.14/turn               r - ring "Xihakh" {rF+ rCorr Str+6 Dex+6 Stlth-}

@: studying Unarmed Combat
A: antennae 3, icy blue scales 1, ignite blood 3, poison resistance, electricity
resistance
a: Renounce Religion, Potion Petition, Call Merchant, Bribe Branch


You were on level 14 of the Dungeon.
You worshipped Gozag.
Gozag was pleased with you.
You visited 3 branches of the dungeon, and saw 17 of its levels.
You also visited: Bailey.

You collected 4920 gold pieces.
You spent 4155 gold pieces at shops.
You paid 64 gold pieces to Gozag.

Inventory:

Hand Weapons
 h - a +2 long sword of freezing
 w - a +4 vampiric scimitar (weapon)
Missiles
 f - 3 javelins
 s - 6 atropa-tipped darts (quivered)
 t - 25 poisoned darts
 v - a throwing net
 M - 9 boomerangs
Armour
 c - a +3 plate armour of cold resistance (worn)
 u - a +2 cloak of preservation (worn)
 B - a +0 pair of gloves (worn)
 I - a +0 tower shield (worn)
Jewellery
 j - a +4 ring of protection (left hand)
 r - the ring "Xihakh" (right hand) {rF+ rCorr Str+6 Dex+6 Stlth-}
   (You bought it in a shop on level 2 of the Orcish Mines)

   [ring of strength]

   Str:       It affects your strength (+6).
   Dex:       It affects your dexterity (+6).
   rF:        It protects you from fire.
   rCorr:     It protects you from acid and corrosion.
   Stlth:     It makes you less stealthy.
 x - an amulet of reflection (around neck)
 G - an amulet of guardian spirit
Wands
 E - a wand of iceblast (5)
Scrolls
 a - a scroll of summoning
 g - 3 scrolls of fog
 k - 6 scrolls of blinking
 n - 3 scrolls of immolation
 o - a scroll of enchant armour
 y - a scroll of silence
 z - a scroll of amnesia
 C - 5 scrolls of teleportation
 F - 5 scrolls of identify
 H - a scroll of magic mapping
Potions
 b - a potion of flight
 d - 3 potions of heal wounds
 e - 3 potions of curing
 i - a potion of magic
 m - a potion of ambrosia
 p - 2 potions of lignification
 A - a potion of brilliance
 D - a potion of mutation
 J - a potion of cancellation
Miscellaneous
 l - a box of beasts
 q - a phial of floods


   Skills:
 + Level 9.6 Fighting
 + Level 11.9 Long Blades
 + Level 7.0 Throwing
 + Level 9.0 Armour
 + Level 5.2 Dodging
 + Level 6.0 Stealth
 + Level 8.2 Shields
 * Level 11.2 Evocations


You had 13 spell levels left.
You didn't know any spells.
Your spell library contained the following spells:

 Spells                   Type           Power      Damage    Failure   Level
 Magic Dart               Conj           0%         1d3       100%        1
 Pain                     Necr           0%         1d4       100%        1
 Summon Small Mammal      Summ           0%         N/A       100%        1
 Call Imp                 Summ           0%         N/A       100%        2
 Ensorcelled Hibernation  Hex/Ice        0%         N/A       100%        2
 Static Discharge         Conj/Air       0%         N/A       100%        2
 Call Canine Familiar     Summ           0%         N/A       100%        3
 Conjure Flame            Conj/Fire      0%         6-21      100%        3
 Dazzling Flash           Conj/Hex       0%         N/A       100%        3
 Ignite Poison            Fire/Tmut/Pois 0%         N/A       100%        3
 Mephitic Cloud           Conj/Pois/Air  0%         N/A       100%        3
 Portal Projectile        Hex/Tloc       0%         N/A       100%        3
 Summon Guardian Golem    Hex/Summ       0%         N/A       100%        3
 Tukima's Dance           Hex            0%         N/A       100%        3
 Dispel Undead            Necr           0%         3d6       100%        4
 Leda's Liquefaction      Hex/Erth       0%         N/A       100%        4
 Sticky Flame             Conj/Fire      0%         2d3       100%        4
 Summon Ice Beast         Ice/Summ       0%         N/A       100%        4
 Agony                    Necr           0%         N/A       100%        5
 Excruciating Wounds      Necr           0%         N/A       100%        5
 Freezing Cloud           Conj/Ice/Air   0%         6-21      100%        5
 Silence                  Hex/Air        0%         N/A       100%        5
 Orb of Destruction       Conj           0%         N/A       100%        7
 Spellforged Servitor     Conj/Summ      0%         N/A       100%        7
 Dragon's Call            Summ           0%         N/A       100%        9


Dungeon Overview and Level Annotations

Branches:
Dungeon (14/15)            Temple (1/1) D:7            Lair (0/6) D:8
    Orc (2/2) D:9             Elf (0/3) Orc:2        Vaults (0/5) D:13
 Bailey (visited)

Altars:
Ashenzari
Cheibriados
Dithmenos
Elyvilon
Fedhas
Gozag
Hepliaklqana
Kikubaaqudgha
Makhleb
Nemelex Xobeh
Okawaru
Qazlal
Ru
Sif Muna
Trog
Uskayaw
Vehumet
Wu Jian
Xom
Yredelemnul
Zin
The Shining One
Beogh

Shops:
D:8 *   D:11 ([:(   Orc:1 (   Orc:2 [=(=!


Innate Abilities, Weirdness & Mutations

You have a pair of large antennae on your head. (SInv)
You are partially covered in icy blue scales. (AC +2)
Your demonic aura causes all spilled blood to erupt in flames.
Your system is resistant to poisons. (rPois)
You are resistant to electric shocks. (rElec)


Message History

You block the ten-headed hydra's attack.
The ten-headed hydra bites you but does no damage.
The ten-headed hydra bites you. x3
The ten-headed hydra is engulfed in blazing flames.
The ten-headed hydra bites you but does no damage. x3
The ten-headed hydra bites you. x2
You block the ten-headed hydra's attack. x2
The ten-headed hydra barely misses you.
The ten-headed hydra bites you but does no damage.
The ten-headed hydra bites you.
You hack one of the ten-headed hydra's heads off!
The nine-headed hydra grows two more!
You hit the 11-headed hydra.
You feel better.
The 11-headed hydra is severely wounded.
The 11-headed hydra is engulfed in blazing flames.
The 11-headed hydra bites you.
You block the 11-headed hydra's attack. x2
The 11-headed hydra barely misses you.
You block the 11-headed hydra's attack. x2
The 11-headed hydra bites you but does no damage.
The 11-headed hydra bites you!
* * * LOW HITPOINT WARNING * * *
The 11-headed hydra bites you.
* * * LOW HITPOINT WARNING * * *
The 11-headed hydra bites you.
* * * LOW HITPOINT WARNING * * *
The 11-headed hydra bites you but does no damage.
Unknown command.
You slice one of the 11-headed hydra's heads off!
The ten-headed hydra grows two more!
You hit the 12-headed hydra.
The 12-headed hydra is severely wounded.
The 12-headed hydra is engulfed in blazing flames.
You block the 12-headed hydra's attack. x4
The 12-headed hydra bites you but does no damage.
The 12-headed hydra bites you.
* * * LOW HITPOINT WARNING * * *
The 12-headed hydra bites you but does no damage. x2
The 12-headed hydra barely misses you. The 12-headed hydra bites you!
* * * LOW HITPOINT WARNING * * *
The 12-headed hydra bites you!
You die...
Your body crumbles into a pile of gold.

{ # ## .# .#
#######.#####°#.#
{#.......#.#@D.(.#
+.###.###.#)#####
#...........#
####.########
#.###### #......#
###### ######.#
.....#
#######'####
.....###
#..........#


You could see a 12-headed hydra.

Vanquished Creatures
  Kirke (D:13)
  2 orc warlords
  Erolcha (Orc:2)
  A hydra (D:11)
  A boulder beetle (D:14)
  3 ogre magi
  3 centaur warriors
  6 two-headed ogres
  A vault guard (D:13)
  2 death knights (D:13)
  The ghost of Dega the Cleaver, a novice DsFi of Qazlal (D:10)
  Urug (Orc:1)
  Nergalle (Orc:2)
  A skeletal warrior (D:13)
  A deep elf archer (D:13)
  6 orc sorcerers (Orc:2)
  2 orc knights
  An ugly thing (D:13)
  3 cyclopes
  Maurice (Orc:1)
  2 gargoyles
  An unseen horror (D:12)
  A kobold demonologist (D:9)
  3 komodo dragons
  A freezing wraith (D:13)
  3 trolls
  A blink frog (shapeshifter) (D:13)
  14 slime creatures
  2 shadows
  3 wraiths
  Eustachio (D:4)
  A wyvern (D:9)
  7 yaks
  3 basilisks (D:13)
  2 hogs (D:13)
  4 vampire mosquitoes
  3 wargs
  3 water moccasins
  2 ice beasts
  A black bear (D:6)
  29 orc warriors
  2 necrophages (D:6)
  11 ogres
  7 centaurs
  2 phantoms
  3 bullfrogs
  A wyvern zombie (D:7)
  A scorpion (D:4)
  A water moccasin zombie (D:6)
  2 water moccasin skeletons
  A wyvern skeleton (D:6)
  7 wights
  11 howler monkeys
  6 centaur zombies
  A centaur skeleton (D:6)
  2 jellies (D:6)
  6 hounds
  11 orc priests
  A gnoll shaman (D:9)
  2 iguanas
  36 orc wizards
  2 howler monkey zombies
  Robin (D:2)
  16 gnolls
  A howler monkey skeleton (D:5)
  8 adders
  A shadow imp (D:5)
  A white imp (D:8)
  2 ufetubi (D:5)
  94 orcs
  9 endoplasms
  3 giant cockroaches
  32 goblins
  20 hobgoblins
  3 jackals (D:1)
  4 quokkas
  6 ball pythons
  5 bats
  4 frilled lizards
  11 kobolds
  4 rats (D:2)
467 creatures vanquished.

Vanquished Creatures (collateral kills)
  An orc knight (Bailey)
  3 orc warriors
  A goblin (Bailey)
5 creatures vanquished.

Vanquished Creatures (others)
  3 humans (D:13)
  A fungus (D:3)
  16 plants
  3 toadstools (D:3)
23 creatures vanquished.

Grand Total: 495 creatures vanquished

Notes
Turn   | Place    | Note
-------+----------+-------------------------------------------
     0 | D:1      | Dorkslayer the Demonspawn Fighter began the quest for the
                  | Orb.
     0 | D:1      | Reached XP level 1. HP: 18/18 MP: 1/1
   201 | D:1      | Gained mutation: You are partially covered in icy blue
                  | scales. (AC +2) [demonic ancestry]
   201 | D:1      | Reached XP level 2. HP: 15/24 MP: 2/2
   382 | D:1      | Found a faded altar of an unknown god.
   760 | D:1      | Reached XP level 3. HP: 22/29 MP: 3/3
   944 | D:2      | Noticed Robin
   958 | D:2      | Reached skill level 1 in Dodging
   964 | D:2      | Killed Robin
   974 | D:2      | Reached XP level 4. HP: 10/35 MP: 4/4
  2424 | D:4      | Noticed Eustachio
  2458 | D:4      | Reached XP level 5. HP: 22/42 MP: 5/5
  2463 | D:4      | Killed Eustachio
  2464 | D:4      | Gained mutation: You have a pair of small antennae on your
                  | head. [demonic ancestry]
  2464 | D:4      | Reached XP level 6. HP: 25/48 MP: 6/6
  2642 | D:4      | Found an opulent altar of Gozag.
  2672 | D:4      | Became a worshipper of Gozag Ym Sagoz the Greedy
  3386 | D:5      | Entered Level 5 of the Dungeon
  3587 | D:5      | Gained mutation: Your demonic aura sometimes causes spilled
                  | blood to erupt in flames. [demonic ancestry]
  3587 | D:5      | Reached XP level 7. HP: 54/54 MP: 7/7
  3631 | D:5      | Reached skill level 1 in Evocations
  3767 | D:5      | Reached skill level 5 in Long Blades
  4051 | D:5      | Reached skill level 5 in Fighting
  4053 | D:5      | Gained mutation: Your demonic aura often causes spilled
                  | blood to erupt in flames. [demonic ancestry]
  4053 | D:5      | Reached XP level 8. HP: 31/62 MP: 8/8
  4324 | D:6      | Reached skill level 1 in Throwing
  4611 | D:6      | Reached XP level 9. HP: 58/69 MP: 9/9
  4912 | D:6      | Reached skill level 1 in Stealth
  5473 | D:6      | Found a shimmering blue altar of Sif Muna.
  5486 | D:6      | Reached skill level 5 in Armour
  5519 | D:6      | Found a broken altar of Ashenzari.
  5522 | D:6      | Found a stormy altar of Qazlal.
  5867 | D:7      | Reached skill level 5 in Evocations
  6457 | D:7      | Found a staircase to the Ecumenical Temple.
  6472 | Temple   | Entered the Ecumenical Temple
  6668 | D:8      | Noticed a two-headed ogre
  6684 | D:8      | Killed a two-headed ogre
  6685 | D:8      | Reached XP level 10. HP: 60/76 MP: 10/10
  6734 | D:8      | Identified the +0 robe of the Raven {rC+ Str+2}
  6824 | D:8      | Found a staircase to the Lair.
  7093 | D:8      | Found Duentill's Assorted Antiques.
  7098 | D:8      | Bought a scroll of identify for 74 gold pieces
  7098 | D:8      | Bought a scroll of identify for 74 gold pieces
  7098 | D:8      | Bought a glowing scarf for 296 gold pieces
  7098 | D:8      | Bought a scroll labelled PEZ WICSUYFI for 37 gold pieces
  7098 | D:8      | Bought a glowing chain mail for 277 gold pieces
  7512 | D:9      | Found a flagged portal.
  7522 | Bailey   | Entered a bailey
  7838 | Bailey   | Noticed an orc warlord
  7860 | Bailey   | Noticed an orc knight
  7864 | Bailey   | Killed an orc warlord
  7865 | Bailey   | Reached skill level 5 in Shields
  7870 | Bailey   | Killed an orc knight
  8165 | Bailey   | Noticed an orc knight
  8173 | Bailey   | Killed an orc knight
  8174 | Bailey   | Gained mutation: Your demonic aura causes all spilled blood
                  | to erupt in flames. [demonic ancestry]
  8174 | Bailey   | Reached XP level 11. HP: 70/84 MP: 8/11
  8233 | Bailey   | Got the Handbook of Companions and Arcane Weapons
  8810 | D:9      | Found a staircase to the Orcish Mines.
  9467 | D:9      | Reached skill level 5 in Throwing
  9467 | D:9      | Gained mutation: You have a pair of antennae on your head.
                  | [demonic ancestry]
  9467 | D:9      | Reached XP level 12. HP: 91/91 MP: 12/12
  9468 | D:9      | Reached skill level 5 in Dodging
  9468 | D:9      | Reached skill level 5 in Stealth
  9468 | D:9      | Gained mutation: You have a pair of large antennae on your
                  | head. (SInv) [demonic ancestry]
  9468 | D:9      | Reached XP level 13. HP: 97/97 MP: 13/13
  9497 | D:10     | Entered Level 10 of the Dungeon
  9592 | D:10     | Reached skill level 10 in Long Blades
 10239 | D:10     | Found a runed translucent gate.
 10239 | D:10     | Found a runed translucent gate.
 10241 | D:10     | Found a runed translucent gate.
 10244 | D:10     | Noticed Dega's ghost (novice DsFi)
 10273 | D:10     | Killed Dega's ghost
 10945 | D:11     | Found Niom's Antique Weapon Boutique.
 10979 | D:11     | Found Rackis's Armour Boutique.
 11257 | D:11     | Found Nyok's Book Boutique.
 11323 | D:11     | Found Wilawny's Weapon Shop.
 11805 | D:12     | Reached skill level 10 in Evocations
 12433 | D:12     | Found a shadowy altar of Dithmenos.
 12612 | Orc:1    | Entered Level 1 of the Orcish Mines
 12785 | Orc:1    | Found Ihalaps's Weapon Emporium.
 12936 | Orc:1    | Noticed Urug
 12946 | Orc:1    | Killed Urug
 13072 | Orc:2    | Entered Level 2 of the Orcish Mines
 13117 | Orc:1    | Noticed Maurice
 13118 | Orc:1    | Noticed an orc warlord
 13295 | Orc:1    | HP: 3/100 [orc warlord (6)]
 13306 | Orc:1    | Killed an orc warlord
 13319 | Orc:1    | Killed Maurice
 13552 | Orc:2    | Found Jenangumm's Antique Armour Boutique.
 13586 | Orc:2    | Bought a shiny plate armour for 676 gold pieces
 14013 | Orc:2    | Found a staircase to the Elven Halls.
 14798 | Orc:2    | Found Daxasyamm's Distillery.
 14800 | Orc:2    | Paralysed by an orc sorcerer for 7 turns
 14801 | Orc:2    | Reached XP level 14. HP: 106/108 MP: 12/14
 14810 | Orc:2    | Gained mutation: You are clumsy. (Dex -2) [a neqoxec]
 14820 | Orc:2    | Bought a potion of curing for 42 gold pieces
 14820 | Orc:2    | Bought a potion of mutation for 112 gold pieces
 14820 | Orc:2    | Bought a potion of curing for 42 gold pieces
 14820 | Orc:2    | Bought a potion of heal wounds for 70 gold pieces
 14820 | Orc:2    | Bought a potion of mutation for 112 gold pieces
 14820 | Orc:2    | Bought 2 potions of heal wounds for 140 gold pieces
 14820 | Orc:2    | Bought a potion of might for 56 gold pieces
 14848 | Orc:2    | Found Pehez's Jewellery Emporium.
 14877 | Orc:2    | Bought the ring "Xihakh" {rF+ rCorr Str+6 Dex+6 Stlth-} for
                  | 1607 gold pieces
 14877 | Orc:2    | Bought an amulet of reflection for 540 gold pieces
 14976 | Orc:2    | Gained mutation: Your flesh is cold resistant. (rC+)
                  | [potion of mutation]
 14977 | Orc:2    | Lost mutation: You are clumsy. (Dex -2) [potion of
                  | mutation]
 14977 | Orc:2    | Lost mutation: Your flesh is cold resistant. (rC+) [potion
                  | of mutation]
 14977 | Orc:2    | Gained mutation: Your body sometimes deteriorates upon
                  | taking damage. [potion of mutation]
 14978 | Orc:2    | Lost mutation: Your body sometimes deteriorates upon taking
                  | damage. [potion of mutation]
 14978 | Orc:2    | Gained mutation: Your magical capacity is low. (-10% MP)
                  | [potion of mutation]
 14978 | Orc:2    | Gained mutation: You sometimes lose the ability to read
                  | scrolls when taking damage. [potion of mutation]
 14978 | Orc:2    | Gained mutation: Your body sometimes deteriorates upon
                  | taking damage. [potion of mutation]
 14979 | Orc:2    | Lost mutation: Your body sometimes deteriorates upon taking
                  | damage. [potion of mutation]
 14979 | Orc:2    | Lost mutation: Your magical capacity is low. (-10% MP)
                  | [potion of mutation]
 14979 | Orc:2    | Lost mutation: You sometimes lose the ability to read
                  | scrolls when taking damage. [potion of mutation]
 14979 | Orc:2    | Gained mutation: You are resistant to electric shocks.
                  | (rElec) [potion of mutation]
 14979 | Orc:2    | Gained mutation: Your system is resistant to poisons.
                  | (rPois) [potion of mutation]
 14993 | Orc:2    | Found a radiant altar of Vehumet.
 14993 | Orc:2    | Noticed Erolcha
 15024 | Orc:2    | Killed Erolcha
 15039 | Orc:2    | Found Gygeless's Antique Weapon Emporium.
 15085 | Orc:2    | Noticed Nergalle
 15092 | Orc:2    | Killed Nergalle
 15102 | Orc:2    | Found an ancient bone altar of Kikubaaqudgha.
 15124 | Orc:2    | Found Vodd's Jewellery Emporium.
 15907 | D:13     | Noticed Kirke
 15912 | D:13     | Killed Kirke
 16195 | D:13     | Found a gate to the Vaults.
 16925 | D:14     | HP: 2/108 [12-headed hydra (10)]
 16925 | D:14     | Mangled by a 12-headed hydra

Illustrated notes

Levels and vault maps discovered:
D:1:      amcnicky_arrival_single_pillar, layout_basic,
          shapermc_ecumenical_altar_starsandcircs
D:2:      layout_rooms, uniq_robin
D:3:      layout_rooms, serial_forest, infiniplex_forest_clump_double,
          infiniplex_forest_clump_medium, infiniplex_forest_clump_curved,
          infiniplex_forest_clump_small, infiniplex_forest_clump_curved,
          infiniplex_forest_clump_medium, infiniplex_forest_end_3,
          infiniplex_forest_clump_C, infiniplex_forest_clump_small,
          kennysheep_minor_cross, minmay_gold_behind_fungi
D:4:      layout_gridville, mainiacjoe_overflow_concentric_impassable,
          uniq_eustachio
D:5:      layout_rooms
D:6:      layout_basic, grunt_temple_overflow_diamond
D:7:      layout_cave_pools, minmay_temple_entry_statues_pillars,
          chequers_mini_garden, nrook_mini_vaults
D:8:      layout_basic, lair_entry_dummy, serial_shops,
          nicolae_shop_hallway_plus
D:9:      layout_stronghold, hiddenorc1_lemuel, enter_bailey_2
D:10:     layout_loops_ring, ebering_ghost_rock_garden
D:11:     layout_roguey, serial_shops, nicolae_shop_hallway_plus, shop,
          shop_statue, shop, st_stairs_7
D:12:     layout_irregular_city, grunt_dithmenos_shadows
D:13:     layout_basic, david_vaults_5, minmay_shattered_shrine, uniq_kirke
D:14:     layout_roguey
Temple:   eino_narrow_crystal_temple
Orc:1:    layout_caves, serial_shops, nicolae_shop_bloodbath_and_beyond,
          uniq_urug, uniq_maurice
Orc:2:    kennysheep_orc_mage_school, layout_caves, serial_shops, shop,
          nicolae_orc_damp_corner, mines1_david

Skill      XL: |  1  2  3  4  5  6  7  8  9 10 11 12 13 14 |
---------------+-------------------------------------------+-----
Long Blades    | 2 3 4 5 6 7 9 11 | 11.9
Armour         | 3 4 5 6 7 8 9 |  9.0
Dodging        | 1 2 3 4 5 |  5.2
Shields        | 3 4 5 6 7 8 |  8.2
Fighting       | 4 5 6 7 8 9 |  9.6
Evocations     | 2 4 5 6 8 9 10 11 | 11.2
Throwing       | 2 3 4 5 6 7 |  7.0
Stealth        | 2 3 4 5 6 |  6.0

Action                   |  1- 3 |  4- 6 |  7- 9 | 10-12 | 13-15 || total
-------------------------+-------+-------+-------+-------+-------++-------
Melee: Long sword        |   102 |   262 |   220 |       |       ||   584
       Scimitar          |       |       |    57 |   212 |   495 ||   764
Throw: Dart              |       |     2 |    37 |    71 |    89 ||   199
       Javelin           |       |       |    23 |       |    18 ||    41
       Boomerang         |       |       |       |       |    26 ||    26
 Abil: Evoke Invisibilit |       |       |       |       |     1 ||     1
Evoke: Wand              |       |       |     8 |     9 |    22 ||    39
       Box of beasts     |       |       |       |     1 |     1 ||     2
  Use: Potion            |     1 |     5 |     3 |     6 |    16 ||    31
       Scroll            |       |     6 |     9 |     8 |     9 ||    32
 Stab: Distracted        |       |       |     1 |     2 |     2 ||     5
       Paralysed         |       |       |    17 |     2 |       ||    19
       Invisible         |       |       |     1 |     4 |    10 ||    15
Armor: Scale mail        |    73 |   140 |       |       |       ||   213
       Chain mail        |       |    66 |   155 |    73 |       ||   294
       Plate armour      |       |       |       |    17 |   227 ||   244
Dodge: Dodged            |    54 |   150 |    89 |    31 |   132 ||   456
Block: Buckler           |    27 |    89 |    51 |       |       ||   167
       Kite shield       |       |       |    50 |   101 |   230 ||   381
       Tower shield      |       |       |       |       |    82 ||    82
       Reflection        |       |       |       |       |    10 ||    10

Table legend: (Time is in decaauts)
 A = Elapsed time spent in this place.
 B = Non-inter-level travel time spent in this place.
 C = Inter-level travel time spent in this place.
 D = Time resting spent in this place.
 E = Time spent auto-exploring this place.
 F = Levels seen in this place.
 G = Mean time per level.
                   A        B        C        D        E       F      G
               +--------+--------+--------+--------+--------+-----+--------+
         Total |  17132 |  16914 |    218 |   2280 |   4200 |  18 |  951.8 |
       Dungeon |  13495 |  13335 |    160 |   1545 |   3927 |  14 |  963.9 |
        Temple |     84 |     84 |      0 |      0 |      0 |   1 |   84.0 |
  Orcish Mines |   2787 |   2729 |     58 |    591 |    273 |   2 | 1393.5 |
        Bailey |    764 |    764 |      0 |    144 |      0 |   1 |  764.0 |
               +--------+--------+--------+--------+--------+-----+--------+

Top non-repeatable levels by time:
   Orc:2: 2134 daAuts
     D:9: 1565 daAuts
     D:6: 1442 daAuts
    D:10: 1343 daAuts
    D:13: 1270 daAuts
     D:4: 1124 daAuts
    D:12: 964 daAuts
     D:7: 914 daAuts
     D:1: 887 daAuts
     D:5: 883 daAuts
     D:2: 876 daAuts
  Bailey: 764 daAuts
    D:11: 734 daAuts
     D:8: 716 daAuts
   Orc:1: 652 daAuts
